 Dungeon Crawl Stone Soup version 0.29-a0-350-g7790a0e70a (webtiles) character file.

Game seed: 13428664513069912566

186 zeratav the Ruffian (level 5, 0/49 HPs)
             Began as a Naga Fighter on Apr 22, 2022.
             Killed from afar by an orc wizard (5 damage)
             ... with a puff of flame
             ... on level 4 of the Dungeon.
             The game lasted 00:03:43 (3060 turns).

zeratav the Ruffian (Naga Fighter)                  Turns: 3060, Time: 00:03:44

Health: 0/49       AC:  5    Str: 21    XL:     5   Next: 66%
Magic:  5/5        EV:  7    Int:  8    God:
Gold:   115        SH:  5    Dex: 16    Spells: 4/4 levels left

rFire   . . .      SeeInvis +   d - +4 whip {mace}
rCold   . . .      Faith    .   b - +0 buckler
rNeg    . . .      Spirit   .   a - +0 scale mail
rPois   +          Reflect  .   (no helmet)
rElec   .          Harm     .   (no cloak)
rCorr   .          Rampage  .   (no gloves)
Will    .....                   (no barding)
Stlth   ..........              (no amulet)
HPRegen 0.16/turn               v - +6 ring of dexterity
MPRegen 0.09/turn               w - +4 ring of slaying

@: very slow
A: AC +1, large, see invisible, deformed body, poison resistance, slowness 2,
spit poison 1, naga tail 1
a: Spit Poison


You were on level 4 of the Dungeon.
You visited 1 branch of the dungeon, and saw 4 of its levels.

You collected 115 gold pieces.


Innate Abilities, Weirdness & Mutations

Your serpentine skin is tough. (AC +1)
You have supernaturally acute eyesight. (SInv)
Armour fits poorly on your strangely shaped body.
Your system is resistant to poisons. (rPois)
You cover ground very slowly.
You can spit poison.
You have a snake-like lower body.


   Skills:
 - Level 3.0 Fighting
 - Level 2.4 Armour
 - Level 2.4 Shields
 + Level 5.7 Unarmed Combat


You had 4 spell levels left.
You didn't know any spells.
Your spell library contained the following spells:

 Spells                   Type           Power      Damage    Failure   Level
 Inner Flame              Hex/Fire       0%         N/A       99%         3
 Cause Fear               Hex            0%         N/A       100%        4
 Discord                  Hex            0%         N/A       100%        8

Inventory:

Hand Weapons
 d - a +4 whip (weapon) {mace}
   (You took it off a kobold on level 1 of the Dungeon)
 e - a +1 dagger of protection {short}
   (You took it off a kobold on level 1 of the Dungeon)
 s - a +3 short sword {short}
   (You took it off a kobold on level 2 of the Dungeon)
 y - a +1 dagger of draining {short}
   (You took it off a goblin on level 3 of the Dungeon)
Missiles
 k - 3 datura-tipped darts (quivered) {throwing}
Armour
 a - a +0 scale mail (worn)
 b - a +0 buckler (worn)
 j - a +0 robe
   (You found it on level 1 of the Dungeon)
 l - a +0 ring mail
   (You found it on level 1 of the Dungeon)
 q - a +0 chain mail
   (You found it on level 2 of the Dungeon)
 u - a +0 robe
   (You found it on level 2 of the Dungeon)
 B - an orb of light
   (You found it on level 3 of the Dungeon)
Jewellery
 v - a +6 ring of dexterity (left hand)
   (You took it off a goblin on level 2 of the Dungeon)
 w - a +4 ring of slaying (right hand)
   (You found it on level 2 of the Dungeon)
Scrolls
 f - a scroll of teleportation {unknown}
 g - a scroll of noise {unknown}
 h - 3 scrolls of fear {unknown}
 i - 8 scrolls of identify {unknown}
 m - 2 scrolls of immolation {unknown}
 o - a scroll of enchant weapon {unknown}
 p - 2 scrolls of holy word {unknown}
 t - 2 scrolls of vulnerability {unknown}
 A - a scroll of magic mapping {unknown}
 C - a scroll of summoning {unknown}
Potions
 c - a potion of might
 n - 2 potions of resistance {unknown}
 r - a potion of heal wounds {unknown}
 x - 2 potions of curing {unknown}
 z - a potion of magic {unknown}
 D - a potion of mutation {unknown}

Dungeon Overview and Level Annotations

Branches:
Dungeon (4/15)             Temple (0/1) D:4

Altars:
Gozag

Shops:
D:3

* ^........## #......
#####.....#+#####+##
#.....#........#
#.....#..).....#
#.....'........#
#.....#........#
#.....#........'
##########.....##..##..##
.......g@o)##'###..##..##
.......o.#......#........
.........#......#........
.....>...#......#........
.........#......#........
.........#'######.#######
..............###'##...##
..............#..........
............'..........


You could see an orc wizard (invisible), an orc and a goblin.


Message History

The orc wizard closely misses you.
You barely miss the orc wizard.
The orc wizard gestures at you while chanting.
The magic dart hits you!
HP[-8]
You take 8 damage, and now have 40/49 hp.
You whack the orc wizard!
You kill the orc wizard!
HP[+1]
You closely miss the orc. You hit the orc wizard.
You barely miss the orc wizard. You hit the orc but do no damage.
The orc wizard hits you but does no damage.
You block the orc's attack.
You whack the orc wizard!
The orc wizard hits you but does no damage.
The orc closely misses you.
An orc wizard comes into view. It is wielding a +0 dagger.
The orc wizard hits you but does no damage.
You block the orc's attack.
The orc wizard shouts!
You hit the orc wizard.
You kill the orc wizard!
The orc hits you with a +0 dagger.
HP[-1]
You take 1 damage, and now have 40/49 hp.
An orc comes into view. It is wielding a +0 whip.
The orc shouts!
You hear a shout!
The orc barely misses you.
Things that are here:
a +0 dagger {short}; a +0 robe You closely miss the orc.
The orc wizard mumbles some strange words.
The orc wizard flickers and vanishes for a moment.
The orc hits you but does no damage.
You hit the orc but do no damage.
The orc wizard gestures at you while chanting.
The magic dart hits you. The orc hits you with a +0 dagger.
HP[-6]
You take 6 damage, and now have 34/49 hp.
You barely miss the orc. You block the orc's attack.
The orc hits you with a +0 whip. The orc hits you with a +0 dagger.
Items here: $ [ | †.
HP[-4]
You take 4 damage, and now have 30/49 hp.
You whack the orc!
You kill the orc!
You block the orc's attack. The orc attacks as you move away!
The orc hits you but does no damage.
A goblin comes into view. It is wielding a +0 club.
Things that are here:
a +0 whip {mace}; 28 stones {throwing} The orc attacks as you move away!
The orc hits you but does no damage.
The goblin shouts!
The orc barely misses you.
The orc wizard hits you but does no damage.
Things that are here:
a +0 whip {mace}; 28 stones {throwing}; HP[+1]
You closely miss the orc wizard. The orc hits you but does no damage.
The orc wizard hits you but does no damage.
You hit the orc wizard. The orc hits you but does no damage.
The orc wizard hits you but does no damage. x2
The orc hits you with a +0 dagger.
HP[-4]
You take 4 damage, and now have 27/49 hp.
You closely miss the orc wizard. The orc hits you but does no damage.
The goblin hits you with a +0 club.
* * * LOW HITPOINT WARNING * * *
The orc wizard hits you but does no damage.
HP[-4]
You take 4 damage, and now have 23/49 hp.
You hit the orc wizard. The orc hits you but does no damage.
You block the goblin's attack.
The orc wizard hits you with a +0 dagger.
* * * LOW HITPOINT WARNING * * *
HP[-1]
You take 1 damage, and now have 22/49 hp.
You hit the orc wizard. You block the orc's attack.
The goblin hits you with a +0 club.
* * * LOW HITPOINT WARNING * * *
The orc wizard hits you with a +0 dagger.
* * * LOW HITPOINT WARNING * * *
HP[-2]
You take 2 damage, and now have 20/49 hp.
You hit the orc wizard. The orc hits you with a +0 dagger.
* * * LOW HITPOINT WARNING * * *
The goblin closely misses you. The orc wizard casts a spell at you.
The puff of flame hits you!
* * * LOW HITPOINT WARNING * * *
HP[-12]
You take 12 damage, and now have 8/49 hp.
MASSIVE DAMAGE!! (PAUSE)
You barely miss the orc wizard. The orc hits you with a +0 dagger.
* * * LOW HITPOINT WARNING * * *
You block the goblin's attack.
The orc wizard points at you and mumbles some strange words.
The puff of flame hits you.
You die...

Skill      XL: |  1  2  3  4 |
---------------+-------------+-----
Unarmed Combat | 3 4 5 |  5.7
Fighting       | |  3.0
Armour         | |  2.4
Shields        | |  2.4

Action                   |  1- 3 |  4- 6 || total
-------------------------+-------+-------++-------
Melee: Unarmed           |    56 |       ||    56
       Whip              |    47 |    74 ||   121
Armor: Scale mail        |    29 |    26 ||    55
Dodge: Dodged            |    35 |    22 ||    57
Block: Buckler           |    17 |    20 ||    37

Levels and vault maps discovered:
D:1:      wheals_arrival_shading, layout_basic,
          ebering_ecumenical_altar_sacrificial, minmay_tetromino_t2
D:2:      layout_rooms
D:3:      kennysheep_the_goblin_king, layout_loops_ring,
          grunt_gozag_breadcrumbs, serial_shops, shop,
          small_statue_intersection, minmay_misc_feat_x, minmay_misc_feat_rows,
          grunt_ministairs_14, amcnicky_mini_pool_small
D:4:      layout_gridville, minmay_temple_entry_arrows

Notes
Turn   | Place    | Note
-------+----------+-------------------------------------------
     0 | D:1      | zeratav the Naga Fighter began the quest for the Orb.
     0 | D:1      | Reached XP level 1. HP: 21/21 MP: 1/1
     0 | D:1      | magus.rc [v1.9.6]
    57 | D:1      | Found a faded altar of an unknown god.
   157 | D:1      | Reached XP level 2. HP: 28/28 MP: 2/2
   328 | D:1      | Reached skill level 3 in Unarmed Combat
   848 | D:1      | Reached XP level 3. HP: 33/34 MP: 3/3
  1446 | D:2      | Reached skill level 4 in Unarmed Combat
  1651 | D:2      | Reached XP level 4. HP: 42/42 MP: 4/4
  2154 | D:3      | Reached skill level 5 in Unarmed Combat
  2154 | D:3      | Reached XP level 5. HP: 46/49 MP: 5/5
  2363 | D:3      | Found an opulent altar of Gozag.
  2401 | D:3      | You pick up a book of Hexes and begin reading...
  2401 | D:3      | You add the spells Inner Flame, Cause Fear and Discord to
                  | your library.
  2802 | D:3      | Found Ubboiq's General Store.
  2956 | D:4      | Found a staircase to the Ecumenical Temple.
  3059 | D:4      | HP: 8/49 [orc wizard/puff of flame (12)]
  3060 | D:4      | Killed from afar by an orc wizard

Vanquished Creatures
  A hound (D:3)
  2 orc wizards (D:4)
  3 adders
  4 dart slugs
  2 orcs
  8 endoplasms
  4 giant cockroaches
  14 goblins
  4 hobgoblins
  6 kobolds
  3 quokkas (D:1)
  5 ball pythons
  2 bats
  5 frilled lizards
  5 rats
68 creatures vanquished.

Table legend:
 A = Non-vault XP
 B = Vault XP
 C = Vault XP percentage of total XP
 D = Non-vault monster count
 E = Vault monster count
 F = Vault count percentage of total count
                 A         B        C        D         E       F
            +---------+---------+-------+---------+---------+-------
      Total |     247 |      20 |   7.5 |      57 |      11 |  16.2
            +---------+---------+-------+---------+---------+-------
        D:1 |      38 |       3 |   7.3 |      21 |       2 |   8.7
        D:2 |      53 |       0 |   0.0 |      18 |       0 |   0.0
        D:3 |      75 |      17 |  18.5 |      12 |       9 |  42.9
        D:4 |      81 |       0 |   0.0 |       6 |       0 |   0.0
            +---------+---------+-------+---------+---------+-------

Illustrated notes

Table legend:
 A = Kills in this place as a percentage of kills in entire the game.
 B = Kills by you in this place as a percentage of kills by you in the entire game.
 C = Kills by friends in this place as a percentage of kills by friends in the entire game.
 D = Other kills in this place as a percentage of other kills in the entire game.
 E = Experience gained in this place as a percentage of experience gained in the entire game.
 F = Experience gained in this place divided by the number of levels of this place that you have seen.
                   A       B       C       D       E      F
               +-------+-------+-------+-------+-------+----------------------
         Total | 100.0 | 100.0 |   N/A |   N/A | 100.0 |  66.8
       Dungeon | 100.0 | 100.0 |   N/A |   N/A | 100.0 |  66.8
               +-------+-------+-------+-------+-------+----------------------

Table legend: (Time is in decaauts)
 A = Elapsed time spent in this place.
 B = Non-inter-level travel time spent in this place.
 C = Inter-level travel time spent in this place.
 D = Time resting spent in this place.
 E = Time spent auto-exploring this place.
 F = Levels seen in this place.
 G = Mean time per level.
                   A        B        C        D        E       F      G
               +--------+--------+--------+--------+--------+-----+--------+
         Total |   3914 |   3743 |    171 |      0 |   3254 |   4 |  978.5 |
       Dungeon |   3914 |   3743 |    171 |      0 |   3254 |   4 |  978.5 |
               +--------+--------+--------+--------+--------+-----+--------+

Top non-repeatable levels by time:
     D:1: 1566 daAuts
     D:3: 1354 daAuts
     D:2: 764 daAuts
     D:4: 228 daAuts
